 Dungeon Crawl Stone Soup version 0.24.0-13-gcf9b3192b9 (webtiles) character file.

Game seed: 14831680981381904585, levelgen mode: deterministic

8 Descartes the Scratcher (level 2, -2/12 HPs)
             Began as a Felid Transmuter on Nov 8, 2019.
             Slain by a leopard gecko (3 damage)
             ... on level 1 of the Dungeon.
             The game lasted 00:01:10 (266 turns).

Descartes the Scratcher (Felid Transmuter)           Turns: 266, Time: 00:01:11

Health: -2/12      AC:  1    Str:  6    XL:     2   Next: 0%
Magic:  6/6        EV: 18    Int: 14    God:
Gold:   18         SH:  0    Dex: 16    Spells: 4/5 levels left
                                        Lives:  0   Deaths: 0

rFire    . . .     SeeInvis +     - Unarmed
rCold    . . .     Gourm    .   (shield unavailable)
rNeg     . . .     Faith    .   (armour unavailable)
rPois    .         Spirit   .   (helmet unavailable)
rElec    .         Reflect  .   (cloak unavailable)
rCorr    .         Harm     .   (gloves unavailable)
MR       .....                  (boots unavailable)
Stlth    ++........             (no amulet)
HPRegen  0.04/turn              (no ring)
MPRegen  0.10/turn              (no ring)

@: quick
A: very small, no armour, no weapons or thrown items, stealth, claws 1, fangs 3,
see invisible, carnivore, speed 1, shaggy fur 1, slow metabolism 1, sharp paws
a: no special abilities


You were on level 1 of the Dungeon.
You were completely stuffed.

You visited 1 branch of the dungeon, and saw 1 of its levels.

You collected 18 gold pieces.

Inventory:

Missiles
 a - 12 arrows
 d - 30 stones
Scrolls
 b - a scroll of teleportation {unknown}
Comestibles
 c - a ration


   Skills:
 + Level 1.1 Fighting
 + Level 2.8 Dodging
 + Level 0.4 Stealth
 * Level 3.1 Unarmed Combat
 + Level 2.0 Spellcasting
 * Level 2.4 Transmutations


You had 4 spell levels left.
You knew the following spells:

 Your Spells              Type           Power        Failure   Level  Hunger
a - Beastly Appendage     Tmut           #.....       9%          1    ##.....

Your spell library contained the following spells:

 Spells                   Type           Power        Failure   Level  Hunger
 Sticks to Snakes         Tmut           #.......     13%         2    ###....
 Spider Form              Tmut/Pois      #.........   41%         3    ####...
 Ice Form                 Ice/Tmut       #.......     82%         4    #####..
 Blade Hands              Tmut           #.........   94%         5    ######.


Dungeon Overview and Level Annotations

Branches:
Dungeon (1/15)

Altars:


Innate Abilities, Weirdness & Mutations

You cannot wear armour.
You are incapable of wielding weapons or throwing items.
Your paws allow you to move quietly. (Stealth)
You have sharp claws.
You have razor-sharp teeth.
You have supernaturally acute eyesight. (SInv)
You are carnivorous and can eat meat at any time.
You cover ground quickly.
You are covered in fur. (AC +1)
You have a slow metabolism.
Your sharp claws are effective at attacking unaware monsters.


Message History

The leopard gecko is moderately wounded.
The leopard gecko barely misses you.
You scratch the leopard gecko but do no damage.
The leopard gecko is moderately wounded.
Your horns disappear.
The leopard gecko misses you.
You miss the leopard gecko.
The leopard gecko is moderately wounded.
The leopard gecko misses you. The leopard gecko closely misses you.
You barely miss the leopard gecko.
The leopard gecko is moderately wounded.
The leopard gecko bites you.
* * * LOW HITPOINT WARNING * * *
You barely miss the leopard gecko. You bite the leopard gecko.
The leopard gecko is almost dead.
The leopard gecko closely misses you.
You closely miss the leopard gecko.
The leopard gecko is almost dead.
The leopard gecko bites you.
You die...

.......................##....#
#.#......##..#.......####.≈≈.###
.........##...........'.'.§§.'<#
#.#.##...##.##.#......'.'.§≈.'.#
......................###.≈≈.####
......................# #....##..
........#.............# #######.#
###.#..............#### #.#
..............#@#.##### #.#
##.#.......##.#l#.....### #.#
.............†r#.......# ##.#
.#.......##.#.#.......# #...
.....#.#†#.##÷...# ##...
..........##....####....
....#.#.................
....#...................
.................##....


You could see a leopard gecko and a rat.

Vanquished Creatures
  3 jackals (D:1)
  A bat (D:1)
  A frilled lizard (D:1)
  2 goblins (D:1)
  A rat (D:1)
8 creatures vanquished.

Notes
Turn   | Place    | Note
-------+----------+-------------------------------------------
     0 | D:1      | Descartes the Felid Transmuter began the quest for the Orb.
     0 | D:1      | Reached XP level 1. HP: 9/9 MP: 4/4
   260 | D:1      | Reached XP level 2. HP: 6/12 MP: 6/6
   266 | D:1      | Slain by a leopard gecko

Levels and vault maps discovered:
D:1:      lightli_arrival_lavapool, layout_basic

Action                   || total
-------------------------++-------
Melee: Unarmed           ||    27
       Punch             ||     2
       Bite              ||     2
       Headbutt          ||     1
 Cast: Beastly Appendage ||     1
  Eat: Chunk             ||     6
Dodge: Dodged            ||    28
